 Dungeon Crawl Stone Soup version 0.24.0-2-g5b39cebb1c (webtiles) character file.

Game seed: 18170035660159247588, levelgen mode: deterministic

57 iamserjio the Stinger (level 4, -5/29 HPs)
             Began as an Octopode Venom Mage on Oct 31, 2019.
             Was an Initiate of Makhleb.
             Slain by Robin
             ... wielding a +4 club
              (6 damage)
             ... on level 2 of the Dungeon.
             The game lasted 00:02:45 (2212 turns).

iamserjio the Stinger (Octopode Venom Mage)         Turns: 2212, Time: 00:02:46

Health: -5/29      AC:  1    Str:  8    XL:     4   Next: 0%
Magic:  5/7        EV: 19    Int: 17    God:    Makhleb [......]
Gold:   111        SH:  0    Dex: 17    Spells: 3/7 levels left

rFire    + . .     SeeInvis .   c - +0 dagger
rCold    + . .     Gourm    .   (no shield)
rNeg     . . .     Faith    .   (helmet restricted)
rPois    +         Spirit   .   (no amulet)
rElec    +         Reflect  .   (no ring)
rCorr    +         Harm     .   (no ring)
MR       .....                  (no ring)
Stlth    ++++......             (no ring)
HPRegen  0.09/turn              (no ring)
MPRegen  0.10/turn              (no ring)
                                (no ring)
                                (no ring)

@: agile, resistant
A: almost no armour, stealthy swim, amphibious, 8 rings, constrict 8, camouflage
1, gelatinous body 1
a: Renounce Religion


You were on level 2 of the Dungeon.
You worshipped Makhleb.
Makhleb was noncommittal.
You were not hungry.

You visited 1 branch of the dungeon, and saw 3 of its levels.

You collected 111 gold pieces.

Inventory:

Hand Weapons
 c - a +0 dagger (weapon)
Jewellery
 l - an uncursed amulet of regeneration {unknown}
Scrolls
 a - 2 scrolls of identify {unknown}
 f - 3 scrolls of teleportation {unknown}
 g - a scroll of remove curse {unknown}
 k - a scroll of fear {unknown}
Potions
 i - a potion of cancellation {unknown}
 j - a potion of curing {unknown}
Comestibles
 b - 2 rations
 h - a chunk of flesh


   Skills:
 * Level 2.0 Fighting
 * Level 2.9 Dodging
 - Level 2.6 Stealth
 + Level 2.1 Spellcasting
 - Level 1.0 Conjurations
 * Level 0.3 Air Magic
 - Level 4.0 Poison Magic


You had 3 spell levels left.
You knew the following spells:

 Your Spells              Type           Power        Failure   Level  Hunger
a - Sting                 Conj/Pois      ##..         7%          1    #......
b - Mephitic Cloud        Conj/Pois/Air  #.......     26%         3    ###....

Your spell library contained the following spells:

 Spells                   Type           Power        Failure   Level  Hunger
 Poisonous Vapours        Pois/Air       #.....       12%         2    ###....
 Olgreb's Toxic Radiance  Pois           ###.....     36%         4    #####..
 Venom Bolt               Conj/Pois      ##........   88%         5    ######.


Dungeon Overview and Level Annotations

Branches:
Dungeon (3/15)

Altars:
Elyvilon
Makhleb
Trog

Annotations:
D:2 Robin


Innate Abilities, Weirdness & Mutations

You cannot wear most types of armour.
You are very stealthy in the water. (Stealth+)
You are amphibious.
You can wear up to eight rings at the same time.
You can use your tentacles to constrict eight enemies at once.
Your skin changes colour to match your surroundings (Stealth+).
Your rubbery body absorbs attacks. (AC +1, EV +1)


Message History

You hit Robin. You grab Robin. You constrict Robin, but do no damage.
Robin hits you with a +4 club.
You hit Robin but do no damage. You squeeze Robin, but do no damage.
You constrict Robin, but do no damage. You hit Robin but do no damage.
You constrict Robin, but do no damage.
Robin struggles to escape constriction.
Robin closely misses you.
You hit Robin but do no damage. You constrict Robin, but do no damage.
Robin seems less confused.
You hit Robin but do no damage. You constrict Robin.
Robin hits you but does no damage.
You hit Robin but do no damage. You squeeze Robin, but do no damage.
You constrict Robin. Robin hits you with a +4 club!
* * * LOW HITPOINT WARNING * * *
It was a potion of agility.
You feel agile all of a sudden.
You constrict Robin. Robin barely misses you.
It was a potion of resistance.
You feel protected.
You constrict Robin. Robin hits you with a +4 club.
You die...

#...........# #######
#.#######.######......
#.#####...............
#.##......######......
########'##...>.......'......
#...........##..######.#.....
#............#........_......
#............#g...#..#.######
#....P......@#.#..#....#
#............g....#.####
#...........##.#..#.#
#...........##.#....#########
#...........##.#..###.......#
#...........##.#..###.......#
#...........##.#....#..P....#
#...........##.##.#.#....P..#
#...........##.#....+..P..P.'


You could see Robin.

Vanquished Creatures
  An adder (D:2)
  A dart slug (D:2)
  A leopard gecko (D:1)
  A ball python (D:1)
  8 bats
  3 giant cockroaches
  8 goblins
  2 hobgoblins (D:1)
  2 jackals (D:1)
  A quokka (D:2)
  2 frilled lizards
  2 giant cockroach zombies (D:2)
  A jackal skeleton (D:2)
  3 kobolds
  A leopard gecko zombie (D:2)
  A quokka zombie (D:2)
  7 rats
45 creatures vanquished.

Vanquished Creatures (others)
  A goblin (D:3)
1 creature vanquished.

Grand Total: 46 creatures vanquished

Notes
Turn   | Place    | Note
-------+----------+-------------------------------------------
     0 | D:1      | iamserjio the Octopode Venom Mage began the quest for the
                  | Orb.
     0 | D:1      | Reached XP level 1. HP: 11/11 MP: 3/3
   134 | D:1      | Reached XP level 2. HP: 18/18 MP: 5/5
   254 | D:1      | Reached skill level 1 in Fighting
   581 | D:1      | Reached XP level 3. HP: 18/23 MP: 6/6
  1159 | D:2      | Reached skill level 4 in Poison Magic
  1442 | D:2      | Learned a level 3 spell: Mephitic Cloud
  1486 | D:2      | Found a burning altar of Makhleb.
  1497 | D:2      | Became a worshipper of Makhleb the Destroyer
  1590 | D:2      | Found a white marble altar of Elyvilon.
  1840 | D:2      | Found a bloodstained altar of Trog.
  2187 | D:3      | Noticed Robin
  2197 | D:2      | Reached XP level 4. HP: 13/29 MP: 7/7
  2210 | D:2      | HP: 1/29 [Robin/+4 club (9)]
  2212 | D:2      | Slain by Robin

Levels and vault maps discovered:
D:1:      lemuel_arrival_river_ford, layout_loops_cross, serial_bayou_pond_d,
          grunt_decor_arrowhead
D:2:      layout_basic, lightli_temple_of_fire, lemuel_crystal_altar,
          serial_undead, serial_undead_c, serial_undead_b, serial_undead_e,
          serial_undead_a, minmay_misc_feat_rugged, bloody_trog
D:3:      layout_basic, zin_treasury, wad_floor_pattern_2, uniq_robin,
          uniq_jessica

Skill      XL: |  1  2  3 |
---------------+----------+-----
Fighting       | 1 2 |  2.0
Poison Magic   | 4 |  4.0
Dodging        | |  2.9
Stealth        | |  2.6
Spellcasting   | |  2.1
Conjurations   | |  1.0
Air Magic      | |  0.3

Action                   |  1- 3 |  4- 6 || total
-------------------------+-------+-------++-------
Melee: Dagger            |   100 |     6 ||   106
       Constrict         |    33 |     1 ||    34
       Unarmed           |     3 |       ||     3
       Tentacles         |    16 |     2 ||    18
 Cast: Sting             |     2 |       ||     2
       Mephitic Cloud    |       |     1 ||     1
  Use: Potion            |       |     2 ||     2
 Stab: Sleeping          |    10 |       ||    10
  Eat: Chunk             |     4 |       ||     4
Armor: Skin              |    10 |       ||    10
Dodge: Dodged            |    83 |     3 ||    86
